 Dungeon Crawl Stone Soup version 0.19-a0-998-gfd37873 (webtiles) character file.

29528 Implojin the Fighter (level 13, -9/140 HPs)
             Began as a Troll Fighter on July 17, 2016.
             Was a High Priest of Okawaru.
             Mangled by a shock serpent (17 damage)
             ... on level 2 of the Snake Pit.
             The game lasted 00:33:56 (4139 turns).

Implojin the Fighter (Troll Fighter)                Turns: 4139, Time: 00:33:57

Health: -9/140     AC:  6    Str: 30    XL:     13   Next: 15%
Magic:  11/16      EV: 19    Int:  7    God:    Okawaru [*****.]
Gold:   96         SH: 12    Dex: 15    Spells: 1 memorised, 11 levels left

rFire  . . .     SeeInvis .       - Unarmed
rCold  . . .     Gourm    +     w - troll hide
rNeg   . . .     Faith    .     b - +0 shield
rPois  .         Spirit   .     (helmet restricted)
rElec  .         Dismiss  .     i - +0 cloak
rCorr  .         Reflect  .     (gloves unavailable)
SustAt .         Harm     .     (boots unavailable)
MR     .....                    (no amulet)
Stlth  ++........               F - +2 ring of dexterity
                                q - ring "Pyackass" {Str+3 Int+3}

@: heroism, not resistant to hostile enchantments, unstealthy
A: unfitting armour, claws 3, fast metabolism 3, gourmand, regeneration 2,
shaggy fur 1, tough skin 2
a: Heroism, Finesse, Renounce Religion


You were on level 2 of the Snake Pit.
You worshipped Okawaru.
Okawaru was extremely pleased with you.
You were very full.

You visited 3 branches of the dungeon, and saw 21 of its levels.

You collected 96 gold pieces.

Inventory:

Hand Weapons
 E - a +2 scimitar of flaming
 I - the +0 scimitar "Death Rattle" {pain, rC+ Int+4, unknown}
   (You found it on level 2 of the Lair of Beasts)

   In the hands of one skilled in necromantic magic, it inflicts extra damage on
   living creatures.
   It affects your intelligence (+4).
   It protects you from cold.
Missiles
 e - 7 tomahawks
 f - 9 javelins (quivered)
 h - 7 large rocks
 j - a throwing net
Armour
 b - a +0 shield (worn)
 i - a +0 cloak (worn)
 k - the +0 robe of Aciguh {+Fly rF- Int+9, unknown}
   (Okawaru gifted it to you on level 14 of the Dungeon)

   It affects your intelligence (+9).
   It makes you vulnerable to fire.
   It lets you fly.
 m - the +1 robe "Doniusha" {rPois rN+ Str+2}
   (You found it on level 5 of the Dungeon)

   It affects your strength (+2).
   It protects you from poison.
   It protects you from negative energy.
 s - a +1 robe of magic resistance
 t - a cursed -1 robe
 w - a troll hide (worn)
 z - a mottled dragon hide
Jewellery
 q - the ring "Pyackass" (left claw) {Str+3 Int+3}
   (You found it on level 4 of the Dungeon)

   [ring of strength]

   It affects your strength (+3).
   It affects your intelligence (+3).
 C - an uncursed ring of ice
 F - a +2 ring of dexterity (right claw)
 J - an uncursed ring of resist corrosion
Wands
 n - a wand of slowing (12/48)
 u - a wand of paralysis (13/24)
 y - a wand of slowing (48/48)
 A - a wand of confusion (13/48)
Scrolls
 c - 3 scrolls of noise
 v - 3 scrolls of immolation
 x - 3 scrolls of blinking
 H - a scroll of silence
 K - a scroll of identify
 L - a scroll of fear
Potions
 o - 3 potions of flight
 p - 5 potions of curing
 D - 2 potions of lignification
Books
 l - a book of Power

   Spells                             Type                      Level
   a - Fulminant Prism                Conjuration/Hexes            4
   b - Iskenderun's Mystic Blast      Conjuration                  4
   c - Venom Bolt                     Conjuration/Poison           5
   d - Bolt of Magma                  Conjuration/Fire/Earth       5
   e - Iron Shot                      Conjuration/Earth            6
   f - Orb of Destruction             Conjuration                  7
   g - Spellforged Servitor           Conjuration/Summoning        7
 r - a book of Battle

   Spells                             Type                      Level
   a - Infusion                       Charms                       1
   b - Shroud of Golubria             Charms/Translocation         2
   c - Song of Slaying                Charms                       2
   d - Spectral Weapon                Hexes/Charms                 3
   e - Regeneration                   Charms/Necromancy            3
Comestibles
 a - a royal jelly
 d - 8 bread rations
 B - 4 meat rations
 G - a slice of pizza


   Skills:
 - Level 12.1(17.1) Fighting
 - Level 9.2(14.2) Dodging
 - Level 4.4(9.4) Shields
 - Level 12.0(17.0) Unarmed Combat
 * Level 5.7 Invocations


You had 11 spell levels left.
You knew the following spells:

 Your Spells              Type           Power        Failure   Level  Hunger
a - Infusion              Chrm           #...         54%         1    ##.....


Dungeon Overview and Level Annotations

Branches:
Dungeon (15/15)              Lair (4/6) D:9           Snake (2/4) Lair:3
 Depths (0/5) D:15
 Temple: D:4-7        Swamp: Lair:2-4    Shoals: Lair:2-4       Orc: D:9-12
 Vaults: D:13-14

Altars:
Elyvilon
Okawaru
Pakellas
Qazlal
Ru
Sif Muna

Shops:
D:11 }

Portals:
Trove: D:10 (give +2 gold dragon armour)

Annotations:
D:7 exclusion: upstairs
D:14 exclusion: 2 upstairs


Innate Abilities, Weirdness & Mutations

You are too large for most types of armour.
You have claws for hands.
Your metabolism is lightning-fast.
You like to eat raw meat.
You heal very quickly.
You are covered in fur. (AC +1)
You have very tough skin. (AC +2)


Message History

The shock serpent misses you.
You scratch the shock serpent.
The shock serpent is lightly wounded.
The shock serpent bites you.
* * * LOW HITPOINT WARNING * * *
The shock serpent shocks you!
* * * LOW HITPOINT WARNING * * *
You closely miss the shock serpent.
The shock serpent is lightly wounded.
The shock serpent closely misses you.
Unknown command.
You barely miss the shock serpent.
The shock serpent is lightly wounded.
The shock serpent shoots out a bolt of lightning at you!
The bolt of electricity hits you!
* * * LOW HITPOINT WARNING * * *
Unknown command.
You closely miss the shock serpent.
The shock serpent is lightly wounded.
The shock serpent misses you.
You claw the shock serpent!
The shock serpent is moderately wounded.
The shock serpent's electric aura discharges, shocking you!
* * * LOW HITPOINT WARNING * * *
The shock serpent shoots out a bolt of lightning at you!
The bolt of electricity hits you!
* * * LOW HITPOINT WARNING * * *
You mangle the shock serpent!!
The shock serpent is almost dead.
The shock serpent's electric aura discharges violently, shocking you!
* * * LOW HITPOINT WARNING * * *
The shock serpent shoots out a bolt of lightning at you!
The bolt of electricity hits you!
* * * LOW HITPOINT WARNING * * *
You feel much better.
The shock serpent shoots out a bolt of lightning at you!
The bolt of electricity hits you!
* * * LOW HITPOINT WARNING * * *
The shock serpent bites you!
You die...

....#...#.)###...# ..##
### ....##..#........#
.## .....#..#######..#
###..#### #### ..##.#
...### #### ...#
#..###### ...#
#.......##
S..#########..##@...#
##.#.....#.....#.S..#
#..#.....###.###......#
...#...........#.......#
.).....................#
...#.........###........
#(###......#.# ##.......
....##...###... .......
...........#....# #


You could see a shock serpent.

Vanquished Creatures
  A hydra (D:11)
  A naga warrior (Snake:2)
  2 centaur warriors
  An anaconda (Snake:1)
  A tengu warrior (D:14)
  2 shock serpents (Snake:1)
  A naga sharpshooter (Snake:2)
  An unseen horror (D:14)
  3 skeletal warriors
  A naga ritualist (Snake:2)
  Pikel (D:9)
  5 hill giants
  A deep elf mage (D:15)
  3 mana vipers
  A wolf spider (D:15)
  2 cyclopes
  A salamander (Snake:2)
  An elephant (D:9)
  A manticore (D:15)
  7 black mambas
  3 gargoyles
  A guardian serpent (Lair:3)
  A spiny frog (Lair:1)
  A centaur skeleton (D:14)
  2 tengu conjurers
  A komodo dragon (D:14)
  3 trolls (D:9)
  An efreet (D:15)
  A polar bear (Lair:3)
  3 blink frogs (Lair:2)
  Sigmund (D:6)
  A shadow (D:15)
  4 yaks
  A wyvern (Lair:4)
  A hippogriff (D:12)
  3 basilisks
  2 fire bats (D:12)
  A hungry ghost (D:13)
  A mottled dragon (D:12)
  2 vampire mosquitoes (D:15)
  A naga (Snake:2)
  3 water moccasins
  Duvessa (D:5)
  2 porcupines (Lair:1)
  3 ice beasts
  A sky beast (D:11)
  A black bear (Lair:3)
  4 slaves (D:9)
  A wasp (D:14)
  An orc warrior (D:9)
  7 ogres
  An eye of draining (D:12)
  3 wolves (Lair:2)
  4 centaurs
  4 crocodiles
  10 giant frogs
  Dowan (D:5)
  A water moccasin skeleton (D:12)
  A scorpion (D:10)
  4 killer bees (D:13)
  9 wights (D:10)
  An electric eel (Lair:4)
  2 howler monkeys
  2 crimson imps
  3 centaur zombies
  A jelly (D:12)
  A giant frog skeleton (D:6)
  2 orc priests (D:5)
  6 iguanas
  An orc wizard (D:9)
  4 worker ants
  8 sheep
  7 adders
  A howler monkey skeleton (D:11)
  2 river rats
  A shadow imp (D:12)
  An adder skeleton (D:9)
  2 giant geckos
  13 orcs
  A ball python (D:5)
  A bat (D:1)
  A giant cockroach (D:4)
  2 goblins (D:1)
  A hobgoblin (D:1)
  6 jackals
  A quokka (D:7)
  2 giant newts
  3 kobolds
  3 rats (D:1)
  A bush (D:9)
214 creatures vanquished.

Notes
Turn   | Place    | Note
-------+----------+-------------------------------------------
     0 | D:1      | Implojin the Troll Fighter began the quest for the Orb.
     0 | D:1      | Reached XP level 1. HP: 22/22 MP: 0/0
   134 | D:1      | Reached XP level 2. HP: 29/29 MP: 1/1
   200 | D:1      | Reached skill level 3 in Unarmed Combat
   233 | D:3      | Found a white marble altar of Elyvilon.
   310 | D:4      | Noticed an ogre
   317 | D:4      | Killed an ogre
   317 | D:4      | Reached skill level 4 in Unarmed Combat
   317 | D:4      | Reached XP level 3. HP: 21/36 MP: 2/2
   317 | D:4      | Reached XP level 4. HP: 25/44 MP: 3/3
   345 | D:5      | Entered Level 5 of the Dungeon
   347 | D:5      | Noticed Duvessa
   348 | D:5      | Got a shimmering robe
   356 | D:5      | Noticed Dowan
   358 | D:5      | Killed Duvessa
   358 | D:5      | Reached skill level 5 in Unarmed Combat
   358 | D:5      | Reached XP level 5. HP: 44/50 MP: 4/4
   363 | D:5      | Killed Dowan
   363 | D:5      | Reached skill level 6 in Unarmed Combat
   363 | D:5      | Reached XP level 6. HP: 51/59 MP: 5/5
   455 | D:4      | Got a clouded platinum ring
   536 | D:4      | Found an iron altar of Okawaru.
   539 | D:4      | Reached skill level 7 in Unarmed Combat
   550 | D:4      | Became a worshipper of Warmaster Okawaru
   618 | D:5      | Identified the ring "Pyackass" {Str+3 Int+3} (You found it on level 4 of the Dungeon)
   629 | D:5      | Identified the cursed +1 robe "Doniusha" {rPois rN+ Str+2} (You found it on level 5 of the Dungeon)
   653 | D:6      | Noticed Sigmund
   685 | D:5      | Reached XP level 7. HP: 25/66 MP: 6/6
   698 | D:6      | Killed Sigmund
   698 | D:6      | Reached skill level 8 in Unarmed Combat
   706 | D:6      | Found a sacrificial altar of Ru.
   778 | D:8      | Reached * piety under Okawaru
   778 | D:8      | Reached skill level 9 in Unarmed Combat
   829 | D:9      | Found a staircase to the Lair.
   829 | D:9      | Noticed a yak
   831 | D:9      | Noticed Pikel
   847 | D:9      | Reached skill level 1 in Invocations
   855 | D:9      | Killed a yak
   855 | D:9      | Reached skill level 2 in Invocations
   855 | D:9      | Reached XP level 8. HP: 53/74 MP: 3/9
   920 | D:9      | Killed Pikel
   920 | D:9      | Reached ** piety under Okawaru
   920 | D:9      | Reached skill level 10 in Unarmed Combat
   941 | D:9      | Noticed an elephant
   955 | D:9      | Killed an elephant
   955 | D:9      | Reached skill level 11 in Unarmed Combat
   955 | D:9      | Reached XP level 9. HP: 65/80 MP: 7/10
   970 | D:9      | Noticed a troll
   974 | D:9      | Killed a troll
   974 | D:9      | Reached *** piety under Okawaru
   997 | D:9      | Reached skill level 12 in Unarmed Combat
  1019 | D:9      | Noticed a troll
  1026 | D:9      | Killed a troll
  1026 | D:9      | Reached skill level 3 in Fighting
  1061 | D:9      | Noticed a troll
  1067 | D:9      | Killed a troll
  1067 | D:9      | Reached skill level 4 in Fighting
  1089 | D:9      | Found a deep blue altar of Sif Muna.
  1090 | D:9      | Found a stormy altar of Qazlal.
  1108 | D:10     | Entered Level 10 of the Dungeon
  1118 | D:10     | Reached skill level 5 in Fighting
  1122 | D:10     | Noticed a hill giant
  1128 | D:10     | Killed a hill giant
  1128 | D:10     | Reached **** piety under Okawaru
  1128 | D:10     | Reached skill level 6 in Fighting
  1228 | D:10     | Found a portal to a secret trove of treasure.
  1282 | D:10     | Reached XP level 10. HP: 87/100 MP: 11/11
  1488 | D:10     | Reached skill level 7 in Fighting
  1505 | D:11     | Noticed a four-headed hydra
  1534 | D:11     | Killed a four-headed hydra
  1574 | D:12     | Noticed a cyclops
  1580 | D:12     | Killed a cyclops
  1580 | D:12     | Reached skill level 8 in Fighting
  1594 | D:12     | Learned a level 1 spell: Infusion
  1616 | D:11     | Noticed a gargoyle
  1627 | D:11     | Killed a gargoyle
  1633 | D:11     | Found Ubol's Gadget Shop.
  1717 | D:12     | Reached skill level 9 in Fighting
  1768 | D:12     | Noticed a hill giant
  1784 | D:12     | Killed a hill giant
  1784 | D:12     | Reached ***** piety under Okawaru
  1916 | D:11     | Received a gift from Okawaru
  1943 | D:13     | Noticed a centaur warrior
  1948 | D:13     | Killed a centaur warrior
  1948 | D:13     | Reached skill level 10 in Fighting
  1948 | D:13     | Reached XP level 11. HP: 116/117 MP: 9/12
  2010 | D:13     | Noticed a skeletal warrior
  2010 | D:13     | Noticed a skeletal warrior
  2010 | D:13     | Noticed a skeletal warrior
  2010 | D:13     | Noticed a skeletal warrior
  2016 | D:14     | Killed a skeletal warrior
  2039 | D:13     | Killed a skeletal warrior
  2049 | D:13     | HP: 4/119 [skeletal warrior/halberd[a skeletal warrior] (26)]
  2052 | D:14     | Killed a skeletal warrior
  2052 | D:14     | Reached skill level 11 in Fighting
  2097 | D:14     | Killed an unseen horror
  2114 | D:14     | Noticed a tengu warrior
  2159 | D:14     | Killed a tengu warrior
  2159 | D:14     | Received a gift from Okawaru
  2160 | D:14     | Got a sheer robe {god gift}
  2356 | D:14     | Reached skill level 12 in Fighting
  2387 | D:14     | Reached skill level 3 in Shields
  2392 | D:15     | Entered Level 15 of the Dungeon
  2393 | D:15     | Noticed a hill giant
  2403 | D:15     | Noticed a centaur warrior
  2403 | D:15     | Killed a hill giant
  2411 | D:15     | Killed a centaur warrior
  2411 | D:15     | Reached skill level 4 in Shields
  2415 | D:15     | Noticed a wolf spider
  2417 | D:15     | Killed a wolf spider
  2417 | D:15     | Reached skill level 3 in Dodging
  2444 | D:15     | Reached XP level 12. HP: 103/132 MP: 10/13
  2501 | D:15     | Reached skill level 4 in Dodging
  2566 | D:15     | Reached skill level 5 in Dodging
  2646 | D:15     | Found a staircase to the Depths.
  2647 | D:15     | Noticed a fire giant
  2937 | Lair:1   | Entered Level 1 of the Lair of Beasts
  2979 | Lair:1   | Received a gift from Okawaru
  2979 | Lair:1   | Reached skill level 6 in Dodging
  3110 | Lair:2   | Got a polished scimitar
  3186 | Lair:2   | Reached skill level 7 in Dodging
  3234 | Lair:2   | Found an oddly glowing altar of Pakellas.
  3278 | Lair:2   | You fall through a shaft!
  3428 | Lair:2   | Received a gift from Okawaru
  3564 | Lair:3   | Reached skill level 8 in Dodging
  3579 | Lair:3   | Found a staircase to the Snake Pit.
  3640 | Snake:1  | Entered Level 1 of the Snake Pit
  3680 | Snake:1  | Noticed an anaconda
  3681 | Snake:1  | Reached skill level 9 in Dodging
  3691 | Snake:1  | Killed an anaconda
  3818 | Snake:2  | Reached skill level 3 in Invocations
  3981 | Snake:2  | Noticed a naga warrior
  3997 | Snake:2  | Killed a naga warrior
  4006 | Snake:2  | Reached skill level 4 in Invocations
  4006 | Snake:2  | Reached XP level 13. HP: 55/140 MP: 12/15
  4057 | Snake:2  | Reached skill level 5 in Invocations
  4138 | Snake:2  | HP: 2/140 [shock serpent/bolt of electricity (26)]
  4139 | Snake:2  | Mangled by a shock serpent

Vault maps used:
D:1:      sevenhm_arrival_forest_fort_small_4
D:2:      first_bread, ecumenical_altar_2
D:3:      elyvilon_altar_4, uniq_grinder
D:4:      kennysheep_mini, okawaru_ov_weapons_minmay, kennysheep_generic_room_13
D:5:      fedhas_altar_1, uniq_duvessa, uniq_menkaure, uniq_crazy_yiuf_cottage
D:6:      nicolae_overflow_hidden_temple, uniq_sigmund
D:8:      lemuel_crystal_altar, overflow_temple_1_default, grunt_livestock
D:9:      kennysheep_mini_moat, led_sif_book, zin_statuary, david_lair_generic,
          david_orc_3, minmay_misc_feat_tiny, kb_lookout_dungeons_type,
          uniq_pikel
D:10:     enter_trove_3, serial_undead, serial_undead_e, serial_undead_e,
          serial_undead_f, serial_undead_f
D:11:     serial_shops, shop
D:12:     hangedman_incinerator
D:13:     grunt_vaults_entry_fortified
D:14:     minmay_crystal_water, lab_entry_generic
D:15:     grunt_enter_depths_giant_problem, serial_bayou_shore_b,
          eino_tiny_chamber, st_stairs_2, uniq_agnes
Lair:2:   basic_altar, grunt_megastairs_1
Lair:3:   minmay_snake_entry_spellcaster, serial_bayou_shore_b
Lair:4:   minmay_shoals_entry_beasts, serial_bayou_lagoon_b
Snake:1:  statue_in_the_mist_lemuel

Skill      XL: |  1  2  3  4  5  6  7  8  9 10 11 12 13 |
---------------+----------------------------------------+-----
Unarmed Combat | 4 5 6 7 9 11 12 | 12.0
Invocations    | 2 4 5 |  5.7
Fighting       | 6 10 12 | 12.1
Shields        | 4 |  4.4
Dodging        | 3 9 |  9.2

Action                   |  1- 3 |  4- 6 |  7- 9 | 10-12 | 13-15 || total
-------------------------+-------+-------+-------+-------+-------++-------
Melee: Unarmed           |    60 |    55 |   132 |   396 |    26 ||   669
Throw: Tomahawk          |       |       |     2 |    10 |       ||    12
       Javelin           |       |       |       |     5 |       ||     5
Invok: Heroism           |       |       |    10 |    38 |     3 ||    51
       Finesse           |       |       |       |       |     1 ||     1
Evoke: Wand              |       |       |       |     1 |       ||     1
  Use: Scroll            |     1 |     6 |     3 |    12 |       ||    22
       Potion            |       |     3 |     2 |     3 |     2 ||    10
 Stab: Invisible         |       |       |     1 |       |       ||     1
       Sleeping          |       |       |     1 |       |       ||     1
       Distracted        |       |       |       |     1 |       ||     1
  Eat: Chunk             |     8 |     3 |     6 |    25 |       ||    42
Armor: Robe              |    29 |    10 |    22 |    53 |       ||   114
       Skin              |       |       |     6 |       |       ||     6
       Troll hide        |       |       |       |     2 |       ||     2
Dodge: Dodged            |    22 |    15 |    40 |   162 |    13 ||   252
Block: Shield            |    30 |    18 |    57 |   202 |    11 ||   318

Table legend:
 A = Turns spent in this place as a percentage of turns spent in the entire game.
 B = Non-inter-level travel turns spent in this place as a percentage of non-inter-level travel turns spent in the entire game.
 C = Inter-level travel turns spent in this place as a percentage of turns spent in this place.
 D = Turns resting spent in this place as a percentage of non-inter-level travel turns spent in this place.
 E = Turns spent auto-exploring this place as a percentage of non-inter-level travel turns spent in this place.
 F = Non-inter-level travel turns spent in this place divided by the number of levels of this place that you've seen.
                   A       B       C       D       E      F
               +-------+-------+-------+-------+-------+----------------------
         Total | 100.0 | 100.0 |   0.0 |   0.1 |   0.0 | 198.8
       Dungeon |  71.5 |  71.5 |   0.0 |   0.1 |   0.0 | 198.9
          Lair |  17.9 |  17.9 |   0.0 |   0.0 |   0.0 | 186.8
     Snake Pit |  10.6 |  10.6 |   0.0 |   0.5 |   0.0 | 222.0
               +-------+-------+-------+-------+-------+----------------------

Table legend:
 A = Kills in this place as a percentage of kills in entire the game.
 B = Kills by you in this place as a percentage of kills by you in the entire game.
 C = Kills by friends in this place as a percentage of kills by friends in the entire game.
 D = Other kills in this place as a percentage of other kills in the entire game.
 E = Experience gained in this place as a percentage of experience gained in the entire game.
 F = Experience gained in this place divided by the number of levels of this place that you have seen.
                   A       B       C       D       E      F
               +-------+-------+-------+-------+-------+----------------------
         Total | 100.0 | 100.0 |  -nan |  -nan | 100.0 | 2008.7
       Dungeon |  72.7 |  72.7 |  -nan |  -nan |  62.1 | 1746.7
          Lair |  19.6 |  19.6 |  -nan |  -nan |  14.7 | 1550.8
     Snake Pit |   7.7 |   7.7 |  -nan |  -nan |  23.2 | 4890.0
               +-------+-------+-------+-------+-------+----------------------
